 Dungeon Crawl Stone Soup version 0.30.1-9-gdf580d7c3d (webtiles) character file.

Game seed: 13837400005211486880

39 KittyFluff the Trooper (level 3, 0/24 HPs)
             Began as a Gargoyle Berserker on Oct 3, 2023.
             Was a Believer of Trog.
             Slain by an iguana (6 damage)
             ... on level 2 of the Dungeon.
             The game lasted 00:04:47 (1332 turns).

KittyFluff the Trooper (Gargoyle Berserker)         Turns: 1332, Time: 00:04:48

Health: 0/24       AC:  6    Str: 20    XL:     3   Next: 45%
Magic:  3/3        EV: 10    Int:  7    God:    Trog [**....]
Gold:   83         SH:  6    Dex: 11    Spells: 2/2 levels left

rFire   . . .        a - +0 mace
rCold   . . .        j - +0 kite shield
rNeg    + . .        b - +0 animal skin
rPois   ∞            (no helmet)
rElec   +            o - +0 cloak
rCorr   .            (no gloves)
SInv    .            (no boots)
Will    .....        (no amulet)
Stlth   +            (no ring)
HPRegen 0.24/turn    (no ring)
MPRegen 0.08/turn

%: no passive effects
@: no status effects
A: sickness immunity, AC +3, negative energy resistance 1, electricity
resistance, torment resistance 1, petrification resistance
a: Renounce Religion, Berserk, Trog's Hand


You were on level 2 of the Dungeon.
You worshipped Trog.
Trog was pleased with you.
You visited 1 branch of the dungeon, and saw 2 of its levels.

You collected 83 gold pieces.

Inventory:

Hand Weapons
 a - a +0 mace (weapon)
Missiles
 m - 4 curare-tipped darts (quivered)
Armour
 b - a +0 animal skin (worn)
 j - a +0 kite shield (worn)
 o - a +0 cloak (worn)
Scrolls
 d - a scroll of identify {unknown}
 g - 3 scrolls of enchant armour {unknown}
 i - a scroll of silence {unknown}
 l - 2 scrolls of teleportation {unknown}
Potions
 c - 2 potions of curing {unknown}
 e - a potion of heal wounds {unknown}
 f - 3 potions of brilliance {unknown}
 h - a potion of haste {unknown}
 k - a potion of degeneration {unknown}
 n - a potion of flight {unknown}


   Skills:
 + Level 3.7 Fighting
 + Level 3.3 Maces & Flails
 + Level 2.7 Armour
 + Level 2.0 Dodging
 + Level 0.2 Shields


You had 2 spell levels left.
You didn't know any spells.
Your spell library was empty.

Dungeon Overview and Level Annotations

Branches:
Dungeon (2/15)

Altars:


Innate Abilities, Weirdness & Mutations

You are immune to sickness and miasma.
Your stone body is resilient. (AC +3)
You are immune to poison.
You resist negative energy. (rN+)
You are resistant to electric shocks. (rElec)
You are resistant to unholy torment.
You are immune to petrification.


Message History

You hit the rat.
You kill the rat!
Trog accepts your kill.
A kobold comes into view. It is wielding a +0 club.
The kobold shouts!
The kobold hits you with a +0 club.
You completely miss the kobold. You block the kobold's attack.
An iguana comes into view.
You closely miss the kobold.
The iguana hisses angrily.
You block the kobold's attack.
You closely miss the kobold. You block the kobold's attack.
The iguana barely misses you. The iguana closely misses you.
The kobold hits you with a +0 club.
You hit the kobold but do no damage. The kobold hits you but does no damage.
You closely miss the kobold. The kobold closely misses you.
You block the kobold's attack.
You closely miss the kobold. The kobold hits you but does no damage.
You closely miss the kobold. You block the kobold's attack.
The kobold hits you with a +0 club.
You hit the kobold but do no damage. The kobold hits you but does no damage.
You hit the kobold.
You kill the kobold!
Trog accepts your kill.
You can now call upon Trog for regeneration and willpower.
You barely miss the iguana.
The iguana bites you but does no damage.
The iguana barely misses you.
You hit the iguana but do no damage. The iguana bites you.
You barely miss the iguana. The iguana bites you!
* * * LOW HITPOINT WARNING * * *
You hit the iguana.
The iguana is moderately wounded.
The iguana hisses menacingly.
You block the iguana's attack. The iguana misses you.
You hit the iguana.
The iguana is severely wounded.
A frilled lizard comes into view.
The iguana bites you.
You die...

#########
#.......# #
#.......# ..
#.......# ...
##.......# ....
.........#.....
#......l......
#l# #@# #.# #.#
#### #.# #)..
#.# #.## #.#
#|# #.# #.# #.#
#.## #.# #.#.


You could see an iguana and a frilled lizard (wandering).

Vanquished Creatures
  An adder (D:2)
  2 bats (D:1)
  3 endoplasms (D:1)
  5 goblins (D:1)
  5 hobgoblins
  2 jackals (D:1)
  3 frilled lizards
  3 kobolds
  3 rats
27 creatures vanquished.

Notes
Turn   | Place    | Note
-------+----------+-------------------------------------------
     0 | D:1      | KittyFluff the Gargoyle Berserker began the quest for the
                  | Orb.
     0 | D:1      | Reached XP level 1. HP: 14/14 MP: 1/1
    79 | D:1      | Reached XP level 2. HP: 16/19 MP: 2/2
   781 | D:1      | Reached XP level 3. HP: 21/23 MP: 3/3
  1143 | D:2      | Identified the staff of fire "Fonan" {rF+ Str+5}
  1327 | D:2      | Reached ** piety under Trog
  1332 | D:2      | Slain by an iguana

Illustrated notes

Levels and vault maps discovered:
D:1:      amcnicky_arrival_flooded_fountain, layout_loops_ring, minmay_bisected
D:2:      layout_basic

Skill      XL: |  1  2  3 |
---------------+----------+-----
Dodging        | 2 |  2.0
Fighting       | |  3.7
Maces & Flails | |  3.3
Armour         | |  2.7
Shields        | |  0.2

Action                     || total
---------------------------++-------
  Melee: Mace              ||    83
 Armour: Animal skin       ||    30
  Dodge: Dodged            ||    48
  Block: Kite shield       ||    10
